 Dungeon Crawl Stone Soup version 0.31-a0-431-g88bdf31460 (webtiles) character file.

Game seed: 8620658716643673651

5 holysushi the Cutter (level 1, -3/18 HPs)
             Began as a Demonspawn Monk on July 31, 2023.
             Slain by a gnoll
             ... wielding a +2 spear of venom
              (4 damage)
             ... on level 1 of the Dungeon.
             The game lasted 00:00:12 (118 turns).

holysushi the Cutter (Demonspawn Monk)               Turns: 118, Time: 00:00:12

Health: -3/18      AC:  2    Str: 11    XL:     1   Next: 66%
Magic:  1/1        EV: 12    Int: 11    God:
Gold:   8          SH:  0    Dex: 15    Spells: 0/0 levels left

rFire   . . .        a - +0 short sword
rCold   . . .        d - orb {light}
rNeg    . . .        b - +0 robe
rPois   .            (no helmet)
rElec   .            (no cloak)
rCorr   .            (no gloves)
SInv    .            (no boots)
Will    .....        (no amulet)
Stlth   +            (no ring)
HPRegen 0.23/turn    (no ring)
MPRegen 0.07/turn

%: no passive effects
@: lethally poisoned (-3 -> -8), glowing
A: no striking features
a: no special abilities


You were on level 1 of the Dungeon.
You visited 1 branch of the dungeon, and saw 1 of its levels.

You collected 8 gold pieces.

Inventory:

Hand Weapons
 a - a +0 short sword (weapon)
Armour
 b - a +0 robe (worn)
 d - an orb of light (worn)
Scrolls
 e - a scroll of acquirement {unknown}
Potions
 c - a potion of ambrosia


   Skills:
 - Level 3.0 Fighting
 + Level 3.1 Short Blades
 - Level 2.6 Dodging


You couldn't memorise any spells.
You didn't know any spells.
Your spell library was empty.

Dungeon Overview and Level Annotations

Branches:
Dungeon (1/15) Zot: 5883

Altars:


Message History

You hit the jackal.
The jackal is almost dead.
The jackal barely misses you.
You hit the jackal.
You kill the jackal!
You barely miss the jackal.
The jackal bites you but does no damage.
The jackal barely misses you.
You hit the jackal but do no damage. The jackal barely misses you.
A goblin comes into view. It is wielding a +0 club.
You barely miss the jackal.
The goblin shouts!
You hear a shout!
The jackal bites you but does no damage.
The goblin enters a dispersal trap!
The jackal blinks! x2; You blink.
No target in view!
No target in view!
A gnoll comes into view. It is wielding a +2 spear of venom.
The gnoll shouts!
The gnoll enters a dispersal trap!
The jackal blinks!
The gnoll moves out of view.
No target in view!
No target in view!
No target in view!
The jackal enters a dispersal trap!
The gnoll blinks! x2; You blink.
The jackal blinks!
The gnoll hits you from afar with a +2 spear of venom!
You are lethally poisoned!
Found a stone staircase leading down.
You feel very sick. The gnoll misses you.
Press: ? - help, v - describe, . - travel
Here: a gnoll, wielding a +2 spear of venom (haloed)
The floor.
Unknown command.
The gnoll attacks as you move away!
The gnoll hits you with a +2 spear of venom.
* * * LOW HITPOINT WARNING * * *
x2 You feel sick.
The jackal closely misses you.
The gnoll hits you from afar with a +2 spear of venom.
You die...

### #.. ... #.# ##
#.# #.# ######## #.#
#.......
####.########.......
#.....^...[.........
#..@.....####.......
#..#h....# ########
......g.#.....# #
>............g...
..###.#.#.#.##### #
#.#.#.#.. #.#...#.#.
#. # #.....##.# #.
#.. #.# #.


You could see a gnoll, a jackal and a goblin.

Vanquished Creatures
  A bat (D:1)
  A jackal (D:1)
  A kobold (D:1)
  2 frilled lizards (D:1)
5 creatures vanquished.

Notes
Turn   | Place    | Note
-------+----------+-------------------------------------------
     0 | D:1      | holysushi the Demonspawn Monk began the quest for the Orb.
     0 | D:1      | Reached XP level 1. HP: 18/18 MP: 1/1
   118 | D:1      | Slain by a gnoll

Illustrated notes

Levels and vault maps discovered:
D:1:      spicycebolla_arrival_xxxplode, layout_basic

Skill      XL: |  1 |
---------------+----+-----
Short Blades   | 3 |  3.1
Fighting       | |  3.0
Dodging        | |  2.6

Action                     || total
---------------------------++-------
  Melee: Short sword       ||    22
 Armour: Robe              ||     7
  Dodge: Dodged            ||    21

Table legend: (Time is in decaauts)
 A = Elapsed time spent in this place.
 B = Non-inter-level travel time spent in this place.
 C = Inter-level travel time spent in this place.
 D = Time resting spent in this place.
 E = Time spent auto-exploring this place.
 F = Levels seen in this place.
 G = Mean time per level.
                   A        B        C        D        E       F      G
               +--------+--------+--------+--------+--------+-----+--------+
         Total |    115 |    115 |      0 |      0 |     68 |   1 |  115.0 |
       Dungeon |    115 |    115 |      0 |      0 |     68 |   1 |  115.0 |
               +--------+--------+--------+--------+--------+-----+--------+

Top non-repeatable levels by time:
     D:1: 115 daAuts
